 Dungeon Sprint DCSS version 0.31-a0-750-gfe7b580527 (webtiles) character file.

Game seed: 16193107588587411072

274 Monkooky the Mimic (level 8, -1/103 HPs)
             Began as a Yellow Draconian Shapeshifter on Sept 15, 2023.
             Was a High Priest of Wu Jian.
             Constricted to death by a giant anaconda (3 damage)
             ... in the Dungeon (Sprint VI: "Thunderdome").
             The game lasted 00:09:58 (807 turns).

Monkooky the Mimic (Yellow Draconian Shapeshifter)   Turns: 807, Time: 00:09:58

Health: -1/103     AC:  6    Str: 22    XL:     8   Next: 5%
Magic:  8/8        EV: 10    Int: 12    God:    Wu Jian [*****.]
Gold:   56         SH:  0    Dex: 16    Spells: 7/7 levels left

rFire   . .          .
                       - Unarmed
rCold   . . .        (shield currently unavailable)
rNeg    . . .        (body armour unavailable)
rPois   +            (helmet restricted)
rElec   .            (no cloak)
rCorr   +            (gloves currently unavailable)
SInv    +            (no boots)
Will    .....        p - amulet of Facis {RegenMP Str+4} Stlth
                     o - ring "Areemof" {Fly Dex+6}
HPRegen 0.37/turn    r - ring of Rudosia {rPois rCorr SInv}
MPRegen 0.51/turn

%: no teleportation
@: berserking, short of breath, blade hands, flying, constricted, very quick
A: spit acid, AC +6, unfitting armour, cold-blooded, acid resistance
a: Breathe Acid, Begin Untransformation, Renounce Religion, Wall Jump, Serpent's
Lash, Heavenly Storm


You were in the Dungeon.
You worshipped Wu Jian.
Wu Jian was extremely pleased with you.
You had blades for hands.
You visited 1 branch You collected 600 gold pieces.
You spent 544 gold pieces at shops.

Inventory:

Jewellery
 o - the ring "Areemof" (left blade hand) {Fly Dex+6}
   (You bought it in a shop in the Dungeon)

   [ring of dexterity]

   Dex+6:     It affects your dexterity (+6).
   Fly:       It grants you flight.
 p - the amulet of Facis (around neck) {RegenMP Str+4}
   (You bought it in a shop in the Dungeon)

   [amulet of magic regeneration]

   RegenMP:   It increases your rate of magic regeneration.
   Str+4:     It affects your strength (+4).
 q - the ring "Porets" {rN+ Int+3}
   (You bought it in a shop in the Dungeon)

   [ring of positive energy]

   Int+3:     It affects your intelligence (+3).
   rN+:       It protects you from negative energy.
 r - the ring of Rudosia (right blade hand) {rPois rCorr SInv}
   (You bought it in a shop in the Dungeon)

   [ring of resist corrosion]

   rPois:     It protects you from poison SInv: It lets you see invisible.
   rCorr:     It protects you from acid and corrosion.
Talismans
 b - a beast talisman
 c - a flux talisman
 k - a blade talisman (active)
Wands
 n - a wand of flame (7) (quivered)
Scrolls
 i - 2 scrolls of blinking
 l - 3 scrolls of fog
Potions
 a - a potion of lignification
 d - 4 potions of curing
 e - 3 potions of heal wounds
 f - 4 potions of haste
 g - 2 potions of magic
 m - a potion of resistance


   Skills:
 + Level 5.5 Fighting
 + Level 3.7 Dodging
 + Level 7.2 Unarmed Combat
 - Level 5.6 Evocations
 - Level 13.2 Shapeshifting


You had 7 spell levels left.
You didn't know any spells.
Your spell library was empty.

Dungeon Overview and Level Annotations

Branches:
Dungeon (1/1)

Altars:
Cheibriados
Dithmenos
Fedhas
Gozag
Kikubaaqudgha
Makhleb
Okawaru
Qazlal
Ru
Sif Muna
Trog
Uskayaw
Vehumet
Wu Jian
Xom
Yredelemnul
Zin
The Shining One
Lugonu

Shops:
D *[=??*?*:[((!!!!


Innate Abilities, Weirdness & Mutations

You have blades for hands.
You are incapable of wielding weapons or throwing items.
You can spit globs of acid.
Your golden yellow scales are hard. (AC +6)
You cannot fit into any form of body armour.
You are cold-blooded and may be slowed by cold attacks.
You are resistant to acid. (rCorr)


Message History

The giant anaconda is heavily wounded.
The now-empty wand crumbles to dust.
A red film seems to cover your vision as you go berserk!
You feel yourself moving faster!
You feel mighty!
The giant anaconda completely misses you.
The giant anaconda bites you! The giant anaconda grabs you.
The giant anaconda bites you!
* * * LOW HITPOINT WARNING * * *
The giant anaconda constricts you.
* * * LOW HITPOINT WARNING * * *
You slash the giant anaconda!
Your tail-slap misses the giant anaconda.
The giant anaconda is heavily wounded.
The giant anaconda misses you. The giant anaconda constricts you.
* * * LOW HITPOINT WARNING * * *
Unknown command.
You slice the giant anaconda!!
The giant anaconda is severely wounded.
The giant anaconda completely misses you.
The giant anaconda constricts you.
* * * LOW HITPOINT WARNING * * *
You miss the giant anaconda.
Your tail-slap misses the giant anaconda.
The giant anaconda is severely wounded.
The giant anaconda bites you.
* * * LOW HITPOINT WARNING * * *
The giant anaconda constricts you.
* * * LOW HITPOINT WARNING * * *
You slash the giant anaconda!
The giant anaconda is almost dead.
The giant anaconda bites you.
* * * LOW HITPOINT WARNING * * *
The giant anaconda constricts you.
* * * LOW HITPOINT WARNING * * *
Unknown command.
You slash the giant anaconda!
Your tail-slap misses the giant anaconda.
The giant anaconda is almost dead.
The giant anaconda closely misses you. The giant anaconda constricts you.
You die...

#_..÷.....# #........_#
###......)..### #⌠...........⌠#
######.8.........8.######
##∩.__......###......___∩##
###∩........8.# #.8........∩###
##.......†....†###†............#
#⌠.....)..[.###@S.###..........⌠
#⌠..........# #.<.# #........÷.⌠
#⌠..........###...###..........⌠
##.............###....†........#
###∩........8.# #.8........∩###
##∩___......###......__.∩##
######.8.....[...8.######
#⌠...........⌠# ###.........###


You could see a giant anaconda (corroded).

Vanquished Creatures
  A black mamba (D)
  Prince Ribbit (D)
  A naga (D)
  5 bullfrogs (D)
  Jessica (D)
  Terence (D)
  A gnoll (D)
  7 adders (D)
  2 ball pythons (D)
  A giant cockroach (D)
  A bat (D)
  A rat (D)
23 creatures vanquished.

Notes
Turn   | Place    | Note
-------+----------+-------------------------------------------
     0 | D        | Monkooky the Draconian Shapeshifter began the quest for the
                  | Orb.
     0 | D        | Reached XP level 1. HP: 16/16 MP: 1/1
     1 | D        | Found an opulent altar of Gozag.
     1 | D        | Found a burning altar of Makhleb.
     2 | D        | Found a hide-covered altar of Uskayaw.
     2 | D        | Found an ornate altar of the Wu Jian Council.
     3 | D        | Found a shimmering altar of Xom.
     4 | D        | Found Usicouterch's Identification Station.
     4 | D        | Found a stormy altar of Qazlal.
     4 | D        | Found Nenicsikk's Timeless Talismans.
     5 | D        | Found a shimmering blue altar of Sif Muna.
     5 | D        | Round 1.
     6 | D        | Found Xujyloc's Premium Goods.
     7 | D        | Found Lirchug's Miscellaneous Merchandise.
     7 | D        | Found Cycas's Basic Armour.
     9 | D        | Noticed Terence
    12 | D        | Became a worshipper of the Wu Jian Council
    18 | D        | Killed Terence
    19 | D        | Reached skill level 5 in Evocations
    19 | D        | Reached XP level 2. HP: 17/23 MP: 2/2
    25 | D        | Found Jiokli's Weapon Rack.
    25 | D        | Found a shadowy altar of Dithmenos.
    25 | D        | Found a bloodstained altar of Trog.
    25 | D        | Found a snail-covered altar of Cheibriados.
    34 | D        | Found Syedoxkemuo's Advanced Armour.
    34 | D        | Found Secviasy's Jewellery.
    53 | D        | Reached * piety under Wu Jian
    54 | D        | Reached XP level 3. HP: 12/28 MP: 3/3
    67 | D        | Found an iron altar of Okawaru.
    68 | D        | Found a basalt altar of Yredelemnul.
    69 | D        | Found Menipseam's Magic Scroll Shop.
    70 | D        | Found a blossoming altar of Fedhas.
    70 | D        | Found a radiant altar of Vehumet.
    70 | D        | Found Kaistel's Staff Store.
    70 | D        | Found Jyijur's Magic Scroll Shop.
    70 | D        | Found Voluts's Must-Have Magic.
    84 | D        | Found a glowing golden altar of the Shining One.
    85 | D        | Found an ancient bone altar of Kikubaaqudgha.
    86 | D        | Found a sacrificial altar of Ru.
    87 | D        | Found Qacabbid's Do-It-Yourself Clinic.
    87 | D        | Found a glowing silver altar of Zin.
    87 | D        | Found a corrupted altar of Lugonu.
    87 | D        | Found Aledghe's Distillery.
    88 | D        | Found Aress's Bottled Wisdom.
    88 | D        | Found Couqoc's Distillery.
   118 | D        | Noticed Jessica
   120 | D        | Killed Jessica
   121 | D        | Reached skill level 5 in Shapeshifting
   133 | D        | Bought a coiled ivory ring for 45 gold pieces
   133 | D        | Identified the ring "Areemof" {Fly Dex+6} (You bought it in
                  | a shop in the Dungeon)
   133 | D        | Bought a brightly glowing sapphire amulet for 45 gold
                  | pieces
   133 | D        | Identified the amulet of Facis {RegenMP Str+4} (You bought
                  | it in a shop in the Dungeon)
   133 | D        | Bought a coiled amber ring for 45 gold pieces
   133 | D        | Identified the ring "Porets" {rN+ Int+3} (You bought it in
                  | a shop in the Dungeon)
   133 | D        | Bought an ancient platinum ring for 45 gold pieces
   133 | D        | Identified the ring of Rudosia {rPois rCorr SInv} (You
                  | bought it in a shop in the Dungeon)
   155 | D        | Reached ** piety under Wu Jian
   155 | D        | Arena points: 14 (+14) [x2]
   200 | D        | Round 2.
   218 | D        | Reached XP level 4. HP: 29/35 MP: 4/4
   311 | D        | Reached skill level 6 in Shapeshifting
   328 | D        | Reached *** piety under Wu Jian
   328 | D        | Arena points: 50 (+36) [x3]
   393 | D        | Round 3.
   403 | D        | Noticed a naga
   409 | D        | Reached skill level 7 in Shapeshifting
   414 | D        | Killed a naga
   415 | D        | Reached skill level 10 in Shapeshifting
   415 | D        | Reached XP level 5. HP: 29/40 MP: 5/5
   495 | D        | Reached **** piety under Wu Jian
   506 | D        | Noticed a black mamba
   512 | D        | HP: 2/40 [black mamba (11)]
   514 | D        | Killed a black mamba
   514 | D        | Arena points: 134 (+84) [x4]
   515 | D        | Reached skill level 13 in Shapeshifting
   515 | D        | Reached XP level 6. HP: 3/47 MP: 6/6
   515 | D        | Your scales start taking on a golden yellow colour.
   515 | D        | Reached XP level 7. HP: 3/52 MP: 7/7
   515 | D        | Gained mutation: You are resistant to acid. (rCorr) [Yellow
                  | Draconian growth]
   534 | D        | Bought 4 potions of curing for 84 gold pieces
   575 | D        | Round 4.
   576 | D        | Noticed Prince Ribbit
   587 | D        | Killed Prince Ribbit
   588 | D        | Reached skill level 5 in Unarmed Combat
   701 | D        | Reached ***** piety under Wu Jian
   702 | D        | Reached skill level 5 in Fighting
   720 | D        | Arena points: 274 (+140) [x5]
   721 | D        | Reached XP level 8. HP: 58/69 MP: 8/8
   727 | D        | Bought a blade talisman for 280 gold pieces
   781 | D        | Round 5.
   785 | D        | Noticed a giant anaconda
   806 | D        | HP: 5/103 [giant anaconda (6)]
   806 | D        | HP: 2/103 [constriction (3)]
   807 | D        | Constricted to death by a giant anaconda

Illustrated notes

Levels and vault maps discovered:
D:        arena_sprint

Skill      XL: |  1  2  3  4  5  6  7 |
---------------+----------------------+-----
Evocations     | 5 |  5.6
Shapeshifting  | 5 10 13 | 13.2
Fighting       | 5 |  5.5
Dodging        | 3 |  3.7
Unarmed Combat | 7 |  7.2

Action                     |  1- 3 |  4- 6 |  7- 9 || total
---------------------------+-------+-------+-------++-------
  Melee: Unarmed           |    16 |    39 |    33 ||    88
         Tailslap          |     3 |     4 |     1 ||     8
         Punch             |     1 |       |       ||     1
 Invoke: Serpent's Lash    |       |     1 |       ||     1
Ability: Lunge             |       |     5 |       ||     5
         Breathe Acid      |       |       |     2 ||     2
  Evoke: Wand              |     6 |     5 |     8 ||    19
    Use: Potion            |     1 |     1 |     1 ||     3
         Scroll            |       |       |     2 ||     2
 Armour: Skin              |    14 |    27 |    24 ||    65
  Dodge: Dodged            |    10 |    13 |    19 ||    42
   Form: Flux              |     1 |       |       ||     1
         Blade             |       |       |     1 ||     1

Table legend: (Time is in decaauts)
 A = Elapsed time spent in this place.
 B = Non-inter-level travel time spent in this place.
 C = Inter-level travel time spent in this place.
 D = Time resting spent in this place.
 E = Time spent auto-exploring this place.
 F = Levels seen in this place.
 G = Mean time per level.
                   A        B        C        D        E       F      G
               +--------+--------+--------+--------+--------+-----+--------+
         Total |    798 |    798 |      0 |    188 |      8 |   1 |  798.0 |
       Dungeon |    798 |    798 |      0 |    188 |      8 |   1 |  798.0 |
               +--------+--------+--------+--------+--------+-----+--------+

Top non-repeatable levels by time:
       D: 798 daAuts
